 Dungeon Crawl Stone Soup version 0.31.0-32-g396128a36d (webtiles) character file.

Game seed: 14416282068399134573

625 monsoonserge the Ruffian (level 7, -4/79 HPs)
             Began as a Gnoll Shapeshifter on Mar 24, 2024.
             Slain by a gnoll
             ... wielding a +2 halberd of venom
             ... led by a gnoll bouda
              (10 damage)
             ... on level 5 of the Dungeon.
             The game lasted 00:11:57 (3867 turns).

monsoonserge the Ruffian (Gnoll Shapeshifter)       Turns: 3867, Time: 00:11:58

Health: -4/79      AC: 23    Str: 27    XL:     7   Next: 47%
Magic:  19/19      EV:  2    Int: 13    God:
Gold:   254        SH:  4    Dex: 11    Spells: 11/11 levels left

rFire   . . .        q - +5 falchion of Gin and Tonic {drain, Str+5 Int+4 SInv}
rCold   . . .        j - +0 buckler
rNeg    . . .        h - melded +0 plate armour
rPois   +            (helmet currently unavailable)
rElec   .            (cloak currently unavailable)
rCorr   .            (gloves currently unavailable)
SInv    +            r - melded +2 pair of boots
Will    .....        (no amulet)
Stlth   ++           n - +6 ring of strength
HPRegen 0.33/turn    v - ring of magical power
MPRegen 0.16/turn

%: no passive effects
@: lethally poisoned (-4 -> -8), tree-form
A: stationary, stasis, torment immunity, boosted hp, (fangs 1), strong nose,
distributed training
a: no special abilities


You were on level 5 of the Dungeon.
You were a tree.
You visited 1 branch of the dungeon, and saw 5 of its levels.

You collected 254 gold pieces.

Inventory:

Hand Weapons
 q - the +5 falchion of Gin and Tonic (weapon) {drain, Str+5 Int+4 SInv}
   (You found it on level 2 of the Dungeon)

   Str+5:     It affects your strength (+5).
   Int+4:     It affects your intelligence (+4).
   SInv:      It lets you see invisible.
Missiles
 s - 9 boomerangs (quivered)
Armour
 h - a +0 plate armour (melded)
 j - a +0 buckler (worn)
 r - a +2 pair of boots (melded)
 A - a scarf of harm
 B - a +1 leather armour of fire resistance
Jewellery
 f - an amulet of faith
 n - a +6 ring of strength (left branch)
 v - a ring of magical power (right branch)
 x - a ring of wizardry
Talismans
 c - a beast talisman (active)
 d - a flux talisman
Wands
 C - a wand of iceblast (10)
 E - a wand of quicksilver (4)
Scrolls
 e - 3 scrolls of teleportation {unknown}
 g - 2 scrolls of butterflies
 m - a scroll of silence {unknown}
 o - 2 scrolls of blinking
 p - a scroll of amnesia
 u - 2 scrolls of enchant armour
 y - a scroll of revelation
 D - a scroll of immolation {unknown}
 F - a scroll of torment {unknown}
Potions
 a - a potion of berserk rage
 b - a potion of lignification
 i - a potion of enlightenment
 k - 3 potions of curing
 t - 2 potions of might {unknown}
 w - a potion of ambrosia {unknown}
 z - a potion of haste {unknown}
 G - a potion of resistance {unknown}


   Skills:
 + Level 3.7 Fighting
 + Level 2.6 Short Blades
 + Level 2.6 Long Blades
 + Level 2.6 Axes
 + Level 2.6 Maces & Flails
 + Level 2.6 Polearms
 + Level 2.6 Staves
 + Level 2.6 Ranged Weapons
 + Level 2.6 Throwing
 + Level 2.6 Armour
 + Level 5.3 Dodging
 + Level 2.6 Stealth
 + Level 2.6 Shields
 + Level 7.1 Unarmed Combat
 + Level 2.6 Spellcasting
 + Level 2.1 Conjurations
 + Level 2.1 Hexes
 + Level 2.1 Summonings
 + Level 2.1 Necromancy
 + Level 2.1 Translocations
 + Level 2.1 Fire Magic
 + Level 2.1 Ice Magic
 + Level 2.1 Air Magic
 + Level 2.1 Earth Magic
 + Level 2.1 Alchemy
 + Level 2.9 Invocations
 + Level 2.6 Evocations
 + Level 7.0 Shapeshifting


You had 11 spell levels left.
You didn't know any spells.
Your spell library was empty.

Dungeon Overview and Level Annotations

Branches:
Dungeon (5/15)
 Temple: D:4-7

Altars:

Shops:
D:5 (:(!


Innate Abilities, Weirdness & Mutations

You are a tree.
Your roots penetrate the ground, keeping you stationary.
You cannot be teleported.
You are immune to unholy pain and torment.
Your maximum health is greatly increased.
Your equipment is partially melded.
((You have very sharp teeth.))
Your uncanny sense of smell can sniff out nearby items.
Your experience applies equally to all skills.


Message History

Your +2 pair of boots unmelds from your body.
You turn into a tree.
Your +2 pair of boots melds into your body.
Your +0 plate armour melds into your body.
Your roots penetrate the ground.
You feel sick. Duvessa hits you but does no damage.
You hit Duvessa but do no damage. You drain Duvessa.
Duvessa is severely wounded.
You feel sick. Duvessa hits you with a +0 short sword.
* * * LOW HITPOINT WARNING * * *
The gnoll bouda barks out a call to the hunt!
The gnolls pick up the pace!
Duvessa hits you but does no damage.
You barely miss Duvessa.
Duvessa is severely wounded.
Your attacks no longer feel as feeble.
You feel sick. Duvessa hits you with a +0 short sword.
* * * LOW HITPOINT WARNING * * *
The gnoll hits you but does no damage.
You are lethally poisoned!
The gnoll bouda hits you but does no damage.
Duvessa barely misses you.
Okay, then.
You are lethally poisoned (6 -> -6).
You are a tree.
Your movement speed is average.
Your attack delay is about 1.1.
Your damage rating with the +5 falchion of Gin and Tonic {drain, Str+5 Int+4 SInv} is about 14 (Base 8 x 102% (Dex) x 111% (Skill) + 5 (Ench)).
Your base attributes are Str 16, Int 9, Dex 11.
It was a potion of curing.
You feel better. The gnoll hits you but does no damage.
You are poisoned.
Duvessa hits you but does no damage.
The gnoll bouda hits you with a +0 club.
* * * LOW HITPOINT WARNING * * *
Unknown command.
Okay, then.
You slash Duvessa! You drain Duvessa.
You kill Duvessa!
You feel sick.
The gnoll hits you from afar with a +2 halberd of venom!
You die...

................#.##############
...........................))...
.......$........#######..#######
........$.......# #####.#####
................## #####.#######
.............))..# #####.######.
............g.ogg# #####.####...
########....###$g#######.#######
∆.........# #♣#.............##
#####...<# #.#...####.####..!
#....###....#####.#######
#.........>######.######.
#....#####.######.####... #....#
#..###....###### #....#
####.....#### #....#
#.........####
############.###....#


You could see a gnoll bouda, 2 gnolls and an orc.

Vanquished Creatures
  Duvessa (D:5)
  An ice beast (D:5)
  Dowan (D:5)
  2 hounds
  3 bombardier beetles
  A jelly (D:4)
  2 iguanas
  A sleepcap (D:5)
  Natasha (twice) (D:3)
  3 gnolls (D:5)
  2 adders
  A white imp (D:5)
  2 ufetubi (D:5)
  2 dart slugs
  A ribbon worm (D:5)
  9 orcs
  3 bats
  10 endoplasms
  8 giant cockroaches
  10 goblins
  6 hobgoblins
  3 jackals (D:1)
  6 kobolds
  4 quokkas
  12 ball pythons
  4 frilled lizards
  3 rats
103 creatures vanquished.

Notes
Turn   | Place    | Note
-------+----------+-------------------------------------------
     0 | D:1      | monsoonserge the Gnoll Shapeshifter began the quest for the
                  | Orb.
     0 | D:1      | Reached XP level 1. HP: 17/17 MP: 1/1
    99 | D:1      | Reached XP level 2. HP: 23/23 MP: 2/2
   353 | D:1      | Reached XP level 3. HP: 27/28 MP: 3/3
  1067 | D:2      | Reached skill level 1 in Invocations
  1263 | D:2      | Reached skill level 1 in Short Blades
  1263 | D:2      | Reached skill level 1 in Long Blades
  1263 | D:2      | Reached skill level 1 in Axes
  1263 | D:2      | Reached skill level 1 in Maces & Flails
  1263 | D:2      | Reached skill level 1 in Polearms
  1263 | D:2      | Reached skill level 1 in Staves
  1263 | D:2      | Reached skill level 1 in Ranged Weapons
  1263 | D:2      | Reached skill level 1 in Throwing
  1263 | D:2      | Reached skill level 1 in Armour
  1263 | D:2      | Reached skill level 1 in Stealth
  1263 | D:2      | Reached skill level 1 in Shields
  1263 | D:2      | Reached skill level 1 in Spellcasting
  1263 | D:2      | Reached skill level 1 in Evocations
  1309 | D:2      | Identified the +5 falchion of Gin and Tonic {drain, Str+5
                  | Int+4 SInv}
  1512 | D:2      | Reached XP level 4. HP: 34/34 MP: 5/5
  1975 | D:3      | Noticed Natasha
  1981 | D:3      | Reached skill level 1 in Conjurations
  1981 | D:3      | Reached skill level 1 in Hexes
  1981 | D:3      | Reached skill level 1 in Summonings
  1981 | D:3      | Reached skill level 1 in Necromancy
  1981 | D:3      | Reached skill level 1 in Translocations
  1981 | D:3      | Reached skill level 1 in Fire Magic
  1981 | D:3      | Reached skill level 1 in Ice Magic
  1981 | D:3      | Reached skill level 1 in Air Magic
  1981 | D:3      | Reached skill level 1 in Earth Magic
  1981 | D:3      | Reached skill level 1 in Alchemy
  1984 | D:3      | Killed Natasha
  2055 | D:3      | Reached XP level 5. HP: 41/41 MP: 7/7
  2326 | D:3      | Noticed Natasha
  2337 | D:3      | Killed Natasha
  2630 | D:4      | Reached XP level 6. HP: 46/47 MP: 8/8
  3012 | D:4      | Reached skill level 5 in Dodging
  3094 | D:5      | Entered Level 5 of the Dungeon
  3094 | D:5      | Found Fuskupn's Antique Weapon Boutique.
  3124 | D:5      | Noticed Dowan
  3186 | D:5      | Noticed a +0 rapier
  3189 | D:5      | Found Cibu's Weapon Shop.
  3191 | D:5      | Noticed a +0 demon whip
  3266 | D:5      | Found Henu Owerch's Book Shop.
  3424 | D:5      | Found Ziym's Distillery.
  3608 | D:5      | Noticed an ice beast
  3616 | D:5      | Killed an ice beast
  3617 | D:5      | Reached XP level 7. HP: 52/52 MP: 10/10
  3724 | D:5      | Noticed Duvessa
  3848 | D:5      | Killed Dowan
  3867 | D:5      | Killed Duvessa
  3867 | D:5      | Slain by a gnoll

Illustrated notes

Levels and vault maps discovered:
D:1:      minmay_arrival_shattered_statue, layout_basic
D:2:      layout_basic, kennysheep_generic_room_16
D:3:      layout_rooms, uniq_natasha
D:4:      kennysheep_the_goblin_king, layout_basic
D:5:      layout_rooms, temple_statues, serial_shops, nicolae_shop_mannequins,
          nicolae_shop_pleasant_corner_grove, shop, shop, reono_crystal_passage,
          wad_floor_pattern_2, chequers_garden, uniq_duvessa

Skill      XL: |  1  2  3  4  5  6  7 |
---------------+----------------------+-----
Invocations    | 1 2 |  2.9
Short Blades   | 1 2 |  2.6
Long Blades    | 1 2 |  2.6
Axes           | 1 2 |  2.6
Maces & Flails | 1 2 |  2.6
Polearms       | 1 2 |  2.6
Staves         | 1 2 |  2.6
Ranged Weapons | 1 2 |  2.6
Throwing       | 1 2 |  2.6
Armour         | 1 2 |  2.6
Stealth        | 1 2 |  2.6
Shields        | 1 2 |  2.6
Spellcasting   | 1 2 |  2.6
Evocations     | 1 2 |  2.6
Conjurations   | 1 2 |  2.1
Hexes          | 1 2 |  2.1
Summonings     | 1 2 |  2.1
Necromancy     | 1 2 |  2.1
Translocations | 1 2 |  2.1
Fire Magic     | 1 2 |  2.1
Ice Magic      | 1 2 |  2.1
Air Magic      | 1 2 |  2.1
Earth Magic    | 1 2 |  2.1
Alchemy        | 1 2 |  2.1
Fighting       | 3 |  3.7
Dodging        | 5 |  5.3
Unarmed Combat | 7 |  7.1
Shapeshifting  | 7 |  7.0

Action                     |  1- 3 |  4- 6 |  7- 9 || total
---------------------------+-------+-------+-------++-------
  Melee: Unarmed           |    83 |       |       ||    83
         Bite              |    10 |     6 |     2 ||    18
         Falchion          |     7 |   111 |    15 ||   133
  Throw: Boomerang         |       |     1 |     9 ||    10
  Evoke: Wand              |       |       |     2 ||     2
    Use: Scroll            |       |     8 |       ||     8
         Potion            |       |       |     2 ||     2
   Stab: Sleeping          |     2 |     1 |       ||     3
 Armour: Animal skin       |    11 |       |       ||    11
         Skin              |     5 |       |    10 ||    15
         Leather armour    |     4 |     2 |       ||     6
         Plate armour      |       |    84 |    18 ||   102
  Dodge: Dodged            |    51 |    45 |    13 ||   109
  Block: Buckler           |     8 |    12 |     5 ||    25
   Form: Beast             |     1 |     2 |       ||     3
         Flux              |     1 |     2 |       ||     3
